cohdb
Replays
Latest Replays
All Replays
Popular Replays
Top Player Replays
Match Explorer
How It Works
Community
CoH3 Stats
Reddit
Sign in to upload your games and track your stats! →
Sign in with Steam
Match 47197142
Unlisted
Match 47197142
Overview
Messages
Build Orders
End
Royal Engineer Section
Construct Section Command Post
Selects Air and Sea Battlegroup
Infantry Section
Infantry Section
Construct Field Infirmary
Vickers Machine Gun Team
Construct Platoon Command Post
Selects Commando Section Paradrop
Commando Section Paradrop
6-pounder Anti-tank Gun Team
Selects Commando Support Section Paradrop
Commando Support Section Paradrop
Nico-Nico-Nii~~
[PD]Folscher
0
0
Comments
sign in to comment!
No comments posted yet!